 Dungeon Crawl Stone Soup version 0.28-a0-987-g8383568036 (webtiles) character file.

Game seed: 17509846030760797007

19 Jinxx the Caller (level 2, -1/20 HPs)
             Began as a Merfolk Summoner on Dec 3, 2021.
             Slain by a kobold (4 damage)
             ... on level 1 of the Dungeon.
             The game lasted 00:04:44 (254 turns).

Jinxx the Caller (Merfolk Summoner)                  Turns: 254, Time: 00:04:45

Health: -1/20      AC:  2    Str:  8    XL:     2   Next: 75%
Magic:  3/5        EV: 12    Int: 14    God:
Gold:   4          SH:  0    Dex: 14    Spells: 2/5 levels left

rFire   . . .      SeeInvis .   b - +0 dagger
rCold   . . .      Faith    .   (no shield)
rNeg    . . .      Spirit   .   a - +0 robe
rPois   .          Reflect  .   (no helmet)
rElec   .          Harm     .   (no cloak)
rCorr   .          Rampage  .   (no gloves)
Will    .....                   (no boots)
Stlth   ++........              (no amulet)
HPRegen 0.06/turn               (no ring)
MPRegen 0.09/turn               (no ring)

@: no status effects
A: (nimble swimmer 2), mertail
a: no special abilities


You were on level 1 of the Dungeon.
You visited 1 branch of the dungeon, and saw 1 of its levels.

You collected 4 gold pieces.

Inventory:

Hand Weapons
 b - a +0 dagger (weapon)
Armour
 a - a +0 robe (worn)


   Skills:
 * Level 0.6 Fighting
 + Level 2.7 Dodging
 + Level 2.2 Stealth
 + Level 2.2 Spellcasting
 + Level 4.4 Summonings


You had 2 spell levels left.
You knew the following spells:

 Your Spells              Type           Power      Damage    Failure   Level
a - Summon Small Mammal   Summ           56%        N/A       3%          1
b - Call Imp              Summ           14%        N/A       5%          2

Your spell library contained the following spells:

 Spells                   Type           Power      Damage    Failure   Level
 Call Canine Familiar     Summ           14%        N/A       11%         3
 Summon Guardian Golem    Hex/Summ       7%         N/A       28%         3
 Summon Lightning Spire   Summ/Air       7%         N/A       67%         4


Dungeon Overview and Level Annotations

Branches:
Dungeon (1/15)

Altars:


Innate Abilities, Weirdness & Mutations

((You are quick and stealthy near water. (Stealth+, EV+, Speed+++)))
Your lower body shifts to a powerful aquatic tail in water.


Message History

The jackal dies!
The rat bites your quokka but does no damage.
There is an open door here.
Your quokka bites the rat.
The rat dies!
Casting: Summon Small Mammal (safe; 3% risk of failure)
Press: ? - help, Q - select action, (/) - cycle Dir - look around, f - activate Your quokka bites the jackal.
The jackal bites you.
* * * LOW HITPOINT WARNING * * *
You hit the jackal.
You kill the jackal!
The goblin hits your quokka with a +0 dagger.
Your quokka misses the goblin.
The endoplasm completely misses your quokka.
The goblin barely misses your quokka.
Your quokka misses the goblin.
You see here 12 gold pieces.
The goblin shouts!
You see here a jackal corpse.
Your rat barely misses the goblin.
The goblin completely misses your rat.
You see here 4 gold pieces.
You now have 4 gold pieces.
Your rat bites the goblin.
The goblin completely misses your quokka.
Your rat misses the goblin.
Your quokka barely misses the goblin.
The goblin hits your quokka with a +0 dagger.
Your quokka dies!
Your quokka's corpse disappears in a puff of smoke!
You see here a jackal corpse.
Your rat barely misses the goblin.
The kobold hits you with a +0 short sword.
* * * LOW HITPOINT WARNING * * *
The goblin hits your rat with a +0 dagger.
You hit the kobold but do no damage.
Your rat bites the goblin.
The kobold hits you with a +0 short sword.
* * * LOW HITPOINT WARNING * * *
The goblin hits your rat with a +0 dagger.
Your rat dies!
Your rat's corpse disappears in a puff of smoke!
You barely miss the kobold.
The kobold hits you with a +0 short sword.
You die...

..........# ..........#
###'###.## ..#.# #.# #.#.###.#
##### .....##.# #...#
#.#...#.################.#.#####
.......................$........
#.#.#.#.#......†@K######J#.####
#.#.....#.........§#####'#.#####
......(##.........Jg....gJ.....#
.......#####....8.⌠.8..........#
........# #...................#
..#...#.# #....⌠._.⌠..†........
###...# # #....................
#...# ##...8.⌠.8...........
###...# #.#.......#########.


You could see an endoplasm, a goblin and a kobold.

Vanquished Creatures
  A dart slug (D:1)
  A ball python (D:1)
  A hobgoblin (D:1)
  3 jackals (D:1)
  A bat (D:1)
7 creatures vanquished.

Vanquished Creatures (collateral kills)
  A dart slug (D:1)
  A bat (D:1)
  An endoplasm (D:1)
  A goblin (D:1)
  A jackal (D:1)
  A rat (D:1)
6 creatures vanquished.

Grand Total: 13 creatures vanquished

Notes
Turn   | Place    | Note
-------+----------+-------------------------------------------
     0 | D:1      | Jinxx the Merfolk Summoner began the quest for the Orb.
     0 | D:1      | Reached XP level 1. HP: 13/13 MP: 3/3
   160 | D:1      | Reached XP level 2. HP: 19/20 MP: 0/5
   168 | D:1      | Learned a level 2 spell: Call Imp
   208 | D:1      | Found a faded altar of an unknown god.
   254 | D:1      | Slain by a kobold

Illustrated notes

Levels and vault maps discovered:
D:1:      dpeg_arrival_windows_large_door, layout_basic,
          hellmonk_ecumenical_altar_dog_temple, minmay_tetromino_s2

Action                   || total
-------------------------++-------
Melee: Dagger            ||    28
 Cast: Summon Small Mamm ||    20
 Stab: Distracted        ||     1
Armor: Robe              ||     7
Dodge: Dodged            ||    36

Table legend: (Time is in decaauts)
 A = Elapsed time spent in this place.
 B = Non-inter-level travel time spent in this place.
 C = Inter-level travel time spent in this place.
 D = Time resting spent in this place.
 E = Time spent auto-exploring this place.
 F = Levels seen in this place.
 G = Mean time per level.
                   A        B        C        D        E       F      G
               +--------+--------+--------+--------+--------+-----+--------+
         Total |    253 |    169 |     84 |      0 |      0 |   1 |  253.0 |
       Dungeon |    253 |    169 |     84 |      0 |      0 |   1 |  253.0 |
               +--------+--------+--------+--------+--------+-----+--------+

Top non-repeatable levels by time:
     D:1: 253 daAuts
